 Dungeon Crawl Stone Soup version 0.31-a0-240-gb923e448b6 (webtiles) character file.

Game seed: 15979197069871531403

15471 Nattfarinn the Grappler (level 12, -8/177 HPs)
             Began as a Troll Shapeshifter on July 12, 2023.
             Was a Priest of Trog.
             Mangled by an anaconda simulacrum (9 damage)
             ... in an ice cave.
             The game lasted 00:16:23 (9774 turns).

Nattfarinn the Grappler (Troll Shapeshifter)        Turns: 9774, Time: 00:16:23

Health: -8/177     AC:  2    Str: 34    XL:     12   Next: 1%
Magic:  11/11      EV:  7    Int:  4    God:    Trog [***...]
Gold:   630        SH:  0    Dex: 12    Spells: 11/11 levels left

rFire   . .          .
                       - Unarmed
rCold   + + .        (no shield)
rNeg    . . .        a - melded +0 animal skin
rPois   .            (helmet restricted)
rElec   .            (no cloak)
rCorr   +            (gloves unavailable)
SInv    .            (boots unavailable)
Will    .....        o - amulet "Zekliax" {Acrobat rC+ Str+4} Stlth
                     G - ring of the Empty Page {Contam rC+ rCorr Dex+2}
HPRegen 1.29/turn    (no ring)
MPRegen 0.12/turn

%: acrobat
@: berserking, maw-form, constricted, very quick
A: devouring maw, large, unfitting armour, claws 3, regeneration 1, shaggy fur
1, tough skin 1, mutation resistance 1
a: Renounce Religion, Berserk, Trog's Hand


You were in an ice cave.
You worshipped Trog.
Trog was most pleased with you.
You were a creature with a mouth for a stomach.
You visited 2 branches of the dungeon, and saw 12 of its levels.
You also visited: Ossuary and Ice Cave.

You collected 714 gold pieces.
You spent 84 gold pieces at shops.

Inventory:

Missiles
 t - a throwing net
Armour
 a - a +0 animal skin (melded)
Jewellery
 o - the amulet "Zekliax" (around neck) {Acrobat rC+ Str+4}
   (You acquired it on level 6 of the Dungeon)

   [amulet of the acrobat]

   It increases your evasion while moving and waiting.
   Str:       It affects your strength (+4).
   rC:        It protects you from cold.
 G - the ring of the Empty Page (left claw) {Contam rC+ rCorr Dex+2}
   (You acquired it on level 8 of the Dungeon)

   [ring of protection from cold]

   Dex:       It affects your dexterity (+2).
   rC:        It protects you from cold.
   Contam:    It causes magical contamination when unequipped.
   rCorr:     It protects you from acid and corrosion.
 I - the macabre finger necklace {Finger+ rN+}
   (You found it on level 9 of the Dungeon)

   [amulet of nothing]

   Finger+:   It enables you to equip an extra ring.
   rN:        It protects you from negative energy.
 M - a +4 ring of protection
 N - a ring of willpower
Talismans
 c - a beast talisman
 w - a maw talisman
 J - a blade talisman
Wands
 s - a wand of polymorph (13)
 x - a wand of iceblast (25)
 y - a wand of flame (9)
 A - a wand of digging (7)
 H - a wand of charming (11)
Scrolls
 d - 3 scrolls of amnesia
 i - 3 scrolls of immolation
 k - 7 scrolls of vulnerability
 m - 5 scrolls of teleportation
 n - 3 scrolls of enchant armour
 v - 3 scrolls of noise
 B - a scroll of revelation {unknown}
 C - a scroll of poison {unknown}
 E - 4 scrolls of identify
 F - 3 scrolls of fog {unknown}
 K - a scroll of summoning {unknown}
Potions
 b - 2 potions of lignification
 e - 3 potions of might {unknown}
 f - 11 potions of curing
 g - 2 potions of haste {unknown}
 h - a potion of ambrosia {unknown}
 j - 3 potions of enlightenment {unknown}
 l - a potion of heal wounds
 p - 3 potions of berserk rage {unknown}
 q - 2 potions of degeneration {unknown}
 r - a potion of mutation {unknown}
 u - 4 potions of brilliance {unknown}
 z - 2 potions of magic {unknown}
 D - a potion of resistance {unknown}
 L - 3 potions of cancellation {unknown}


   Skills:
 - Level 7.2 Fighting
 - Level 1.5 Dodging
 - Level 12.1 Unarmed Combat
 + Level 11.6 Shapeshifting


You had 11 spell levels left.
You didn't know any spells.
Your spell library contained the following spells:

 Spells                   Type           Power      Damage    Failure   Level
 Kiss of Death            Conj/Necr      0%         2d5       50%         1
 Slow                     Hex            0%         N/A       50%         1
 Blink                    Tloc           0%         N/A       65%         2
 Lesser Beckoning         Tloc           0%         N/A       65%         2
 Momentum Strike          Conj/Tloc      0%         3d8       65%         2
 Sublimation of Blood     Necr           0%         N/A       65%         2
 Wereblood                Tmut           0%         N/A       65%         2
 Confusing Touch          Hex            0%         N/A       86%         3
 Stone Arrow              Conj/Erth      0%         3d7       86%         3
 Vampiric Draining        Necr           0%         2d6       86%         3
 Animate Armour           Summ/Erth      0%         N/A       99%         4
 Dispel Undead            Necr           0%         3d6       99%         4
 Summon Hydra             Summ           0%         N/A       100%        7
 Lehudib's Crystal Spear  Conj/Erth      0%         10d2      100%        8


Dungeon Overview and Level Annotations

Branches:
Dungeon (11/15)            Temple (1/1) D:6            Lair (0/5) D:9
    Orc (0/2) D:10        Ossuary (visited)           IceCv (1/1)

Altars:
Ashenzari
Cheibriados
Dithmenos
Elyvilon
Fedhas
Gozag
Hepliaklqana
Kikubaaqudgha
Makhleb
Nemelex Xobeh
Okawaru
Qazlal
Ru
Sif Muna
Trog
Uskayaw
Vehumet
Wu Jian
Xom
Yredelemnul
Zin
The Shining One

Shops:
D:2 [   D:6 ?   D:9 =

Portals:
Abyss: D:10

Annotations:
D:10 2 transporters, IndexError's ghost, journeyman MiBe


Innate Abilities, Weirdness & Mutations

You are a creature with a mouth for a stomach.
Your midsection houses a second, enormous mouth.
You are too large for most types of armour.
You have claws for hands.
Your natural rate of healing is unusually fast.
You are covered in fur. (AC +1)
You have tough skin. (AC +1)
You are somewhat resistant to further mutation.


Message History

You bite the freezing wraith!
You destroy the freezing wraith!
Trog accepts your kill. The anaconda simulacrum bites you.
The anaconda simulacrum freezes you! You resist.
* * * LOW HITPOINT WARNING * * *
The anaconda simulacrum constricts you.
* * * LOW HITPOINT WARNING * * *
The anaconda simulacrum completely misses you.
The anaconda simulacrum constricts you.
* * * LOW HITPOINT WARNING * * *
You have reached level 12!
You feel stronger.
Okay, then.
You feel much better.
The anaconda simulacrum bites you but does no damage.
The anaconda simulacrum constricts you. The anaconda simulacrum bites you!
The anaconda simulacrum freezes you! You resist.
* * * LOW HITPOINT WARNING * * *
The anaconda simulacrum constricts you.
* * * LOW HITPOINT WARNING * * *
A red film seems to cover your vision as you go berserk!
You feel yourself moving faster!
You feel mighty!
You feel yourself speed up. The anaconda simulacrum bites you!
* * * LOW HITPOINT WARNING * * *
The anaconda simulacrum freezes you. You resist.
* * * LOW HITPOINT WARNING * * *
The anaconda simulacrum constricts you.
* * * LOW HITPOINT WARNING * * *
The anaconda simulacrum bites you.
* * * LOW HITPOINT WARNING * * *
The anaconda simulacrum freezes you! You resist.
* * * LOW HITPOINT WARNING * * *
The anaconda simulacrum constricts you.
* * * LOW HITPOINT WARNING * * *
The anaconda simulacrum bites you.
* * * LOW HITPOINT WARNING * * *
The anaconda simulacrum freezes you! You resist.
You die...

##.# #.# ##...... #8.#+#+#.#+#'#
.#...... ..#.........+ #......
#.#.8.8.8.8.########......
#.#..............#........
#.'..............'.....⌠..
#.#..............#........
#.#####.#.8.8.8Z8.########......
#.......#......W..'.#.'..#......
######8.#'#'#.#'#'###.#⌠.#......
##.#.#.#.#.#.#...####......
#.#####'#####.### #.......
#.'.........'.# ###.....
############### ######


You could see an anaconda simulacrum.

Vanquished Creatures
  2 two-headed ogres (D:10)
  2 cyclopes (D:11)
  2 ice statues (IceCv)
  A freezing wraith (IceCv)
  A kobold demonologist (D:10)
  4 ice devils (IceCv)
  2 trolls (D:10)
  Grinder (D:3)
  A wraith (D:11)
  A dire elephant simulacrum (IceCv)
  29 yaks
  5 humans (D:7)
  3 harpy simulacra (IceCv)
  2 wargs (D:9)
  2 acid dragons
  A hydra simulacrum (IceCv)
  7 orc warriors
  An ogre (D:4)
  4 centaurs
  2 phantoms
  2 kobold brigands
  11 bullfrogs
  Blork the orc (D:6)
  4 water moccasin zombies (Ossuary)
  5 scorpions
  10 wights
  An elephant simulacrum (IceCv)
  8 killer bees
  2 howler monkeys
  2 jellies (D:5)
  2 hounds
  2 gnoll boudas
  6 orc priests
  A sleepcap (D:6)
  2 iguanas
  Natasha (thrice) (D:2)
  7 orc wizards
  2 troll simulacra (IceCv)
  2 mummies (Ossuary)
  18 gnolls
  6 adders
  2 shadow imps (D:8)
  2 white imps
  4 adder zombies (Ossuary)
  3 worms
  4 dart slugs
  36 orcs
  7 endoplasms
  3 giant cockroaches
  5 gnoll zombies (Ossuary)
  2 goblins (D:4)
  5 hobgoblins
  2 quokkas
  10 ball pythons
  5 bats
  2 frilled lizards (D:1)
  8 hobgoblin zombies (Ossuary)
  12 kobolds
  7 kobold zombies (Ossuary)
  3 orc zombies (Ossuary)
  4 rats
296 creatures vanquished.

Notes
Turn   | Place    | Note
-------+----------+-------------------------------------------
     0 | D:1      | Nattfarinn the Troll Shapeshifter began the quest for the
                  | Orb.
     0 | D:1      | Reached XP level 1. HP: 19/19 MP: 0/0
   212 | D:1      | Reached XP level 2. HP: 28/28 MP: 1/1
   659 | D:1      | Found a faded altar of an unknown god.
   815 | D:2      | Reached XP level 3. HP: 35/35 MP: 2/2
   855 | D:2      | Found a shimmering blue altar of Sif Muna.
   876 | D:2      | Reached skill level 3 in Unarmed Combat
   938 | D:2      | Found Irypt's Armour Shoppe.
   986 | D:2      | Noticed Natasha
   992 | D:2      | Killed Natasha
   993 | D:2      | Reached XP level 4. HP: 36/42 MP: 3/3
  1155 | D:2      | Noticed Natasha
  1162 | D:2      | Killed Natasha
  1764 | D:2      | Noticed Natasha
  1769 | D:2      | Killed Natasha
  1770 | D:2      | Reached XP level 5. HP: 36/50 MP: 4/4
  1924 | D:3      | Reached skill level 4 in Unarmed Combat
  1985 | D:3      | Noticed Grinder
  1989 | D:3      | Paralysed by Grinder for 2 turns
  2018 | D:3      | Paralysed by Grinder for 5 turns
  2034 | D:3      | Killed Grinder
  2035 | D:3      | Reached XP level 6. HP: 26/61 MP: 5/5
  2229 | D:3      | Reached skill level 5 in Unarmed Combat
  2651 | D:4      | Reached XP level 7. HP: 30/67 MP: 6/6
  3172 | D:4      | Reached skill level 6 in Unarmed Combat
  3329 | D:5      | Entered Level 5 of the Dungeon
  3508 | D:5      | Reached XP level 8. HP: 43/78 MP: 7/7
  3634 | D:5      | Reached skill level 7 in Unarmed Combat
  3649 | D:5      | Reached skill level 5 in Shapeshifting
  4385 | D:6      | Found a staircase to the Ecumenical Temple.
  4478 | D:6      | Reached skill level 8 in Unarmed Combat
  4591 | D:6      | Reached skill level 5 in Fighting
  4624 | D:6      | Found a sand-covered staircase.
  4629 | Ossuary  | Entered an ossuary
  4690 | Ossuary  | Reached XP level 9. HP: 81/88 MP: 8/8
  4995 | D:6      | Noticed Blork the orc
  4997 | D:6      | Found a bloodstained altar of Trog.
  5001 | D:6      | Killed Blork the orc
  5005 | D:6      | Reached skill level 9 in Unarmed Combat
  5243 | D:6      | Found Ubilifo's Magic Scroll Shop.
  5246 | D:6      | Bought a scroll of identify for 28 gold pieces
  5246 | D:6      | Bought a scroll of identify for 28 gold pieces
  5246 | D:6      | Bought a scroll of identify for 28 gold pieces
  5247 | D:6      | Identified a scroll of acquirement
  5249 | D:6      | Acquired the amulet "Zekliax" {Acrobat rC+ Str+4}
  5674 | D:7      | Reached skill level 10 in Unarmed Combat
  5687 | D:7      | Reached XP level 10. HP: 55/98 MP: 9/9
  6393 | Temple   | Entered the Ecumenical Temple
  6709 | D:6      | Became a worshipper of Trog the Wrathful
  7132 | D:8      | Reached skill level 11 in Unarmed Combat
  7325 | D:8      | Reached * piety under Trog
  7553 | D:8      | Found a burning altar of Makhleb.
  7556 | D:8      | Found an iron altar of Okawaru.
  7642 | D:8      | Acquired the ring of the Empty Page {Contam rC+ rCorr
                  | Dex+2}
  7765 | D:9      | Found the macabre finger necklace {Finger+ rN+}
  7766 | D:9      | Found a staircase to the Lair.
  7983 | D:9      | Reached skill level 12 in Unarmed Combat
  8509 | D:9      | Found Imeehiz's Jewellery Shoppe.
  8549 | D:10     | Entered Level 10 of the Dungeon
  8614 | D:10     | Noticed a two-headed ogre
  8620 | D:10     | Killed a two-headed ogre
  8621 | D:10     | Reached XP level 11. HP: 78/109 MP: 10/10
  8684 | D:10     | Reached ** piety under Trog
  8741 | D:10     | Found a snail-covered altar of Cheibriados.
  8792 | D:10     | Found a transporter.
  8799 | D:10     | Found a transporter.
  8803 | D:10     | Noticed a skeletal warrior
  8806 | D:10     | Noticed IndexError's ghost (journeyman MiBe)
  8870 | D:10     | Gained mutation: You are somewhat resistant to further
                  | mutation. [a neqoxec]
  8955 | D:10     | Found a one-way gate to the infinite horrors of the Abyss.
  9011 | D:10     | Found a glowing golden altar of the Shining One.
  9114 | D:10     | Noticed a two-headed ogre
  9118 | D:10     | Killed a two-headed ogre
  9119 | D:10     | Reached skill level 10 in Shapeshifting
  9251 | D:10     | Found a staircase to the Orcish Mines.
  9508 | D:11     | Reached *** piety under Trog
  9513 | D:11     | Found a frozen archway.
  9522 | IceCv    | Entered an ice cave
  9773 | IceCv    | Reached XP level 12. HP: 27/118 MP: 11/11
  9774 | IceCv    | HP: 7/177 [anaconda simulacrum (8)]
  9774 | IceCv    | HP: 1/177 [anaconda simulacrum (4)]
  9774 | IceCv    | Mangled by an anaconda simulacrum

Illustrated notes

Levels and vault maps discovered:
D:1:      lemuel_arrival_tunnels, layout_basic, ebering_ecumenical_altar_box
D:2:      layout_basic, basic_altar, serial_shops, nicolae_shop_waterfront,
          uniq_natasha
D:3:      layout_loops_ring, uniq_grinder
D:4:      layout_gridville, hangedman_abyss_or_decor_stabs
D:5:      layout_basic
D:6:      layout_loops_cross, bloody_trog, minmay_temple_entry_from_below_a,
          enter_ossuary_2, serial_shops, nicolae_shop_rolled_up,
          minmay_stone_trees_medium, due_unseen_surprise, uniq_blork_the_orc
D:7:      layout_basic, minmay_ruffians
D:8:      layout_cave_pods, minitemple, kennysheep_generic_room_2
D:9:      layout_roguey, erik_lair_orcish_takeover, serial_shops,
          nicolae_shop_just_a_little_nook
D:10:     layout_loops_cross, mainiacjoe_overflow_catch_the_wave, david_orc_4,
          gammafunk_ghost_abyssal_escape
D:11:     layout_roguey, portal_ice_cave_entry_pillars_1
Temple:   nicolae_temple_bog_church
IceCv:    ice_cave_tombish

Skill      XL: |  1  2  3  4  5  6  7  8  9 10 11 |
---------------+----------------------------------+-----
Fighting       | 2 3 4 5 6 7 |  7.2
Unarmed Combat | 3 4 5 6 8 10 12 | 12.1
Shapeshifting  | 4 5 6 8 11 | 11.6
Dodging        | |  1.5

Action                     |  1- 3 |  4- 6 |  7- 9 | 10-12 || total
---------------------------+-------+-------+-------+-------++-------
  Melee: Unarmed           |    46 |    74 |   221 |   259 ||   600
         Punch             |       |     2 |    11 |    22 ||    35
         Maw               |       |       |       |    50 ||    50
 Invoke: Berserk           |       |       |       |     2 ||     2
  Evoke: Wand              |       |       |       |     1 ||     1
    Use: Potion            |       |     2 |       |     4 ||     6
         Scroll            |       |       |     8 |     2 ||    10
   Stab: Sleeping          |     2 |       |       |     1 ||     3
 Armour: Animal skin       |    20 |    17 |    38 |    37 ||   112
         Skin              |       |       |       |     6 ||     6
  Dodge: Dodged            |    22 |    31 |    91 |   120 ||   264
   Form: Maw               |       |       |       |     1 ||     1

Table legend: (Time is in decaauts)
 A = Elapsed time spent in this place.
 B = Non-inter-level travel time spent in this place.
 C = Inter-level travel time spent in this place.
 D = Time resting spent in this place.
 E = Time spent auto-exploring this place.
 F = Levels seen in this place.
 G = Mean time per level.
                   A        B        C        D        E       F      G
               +--------+--------+--------+--------+--------+-----+--------+
         Total |   9714 |   8355 |   1359 |    162 |   6850 |  14 |  693.9 |
       Dungeon |   9155 |   7805 |   1350 |    162 |   6444 |  11 |  832.3 |
        Temple |    158 |    150 |      8 |      0 |    139 |   1 |  158.0 |
       Ossuary |    154 |    154 |      0 |      0 |     83 |   1 |  154.0 |
      Ice Cave |    245 |    245 |      0 |      0 |    184 |   1 |  245.0 |
               +--------+--------+--------+--------+--------+-----+--------+

Top non-repeatable levels by time:
     D:7: 1228 daAuts
     D:2: 1050 daAuts
     D:8: 964 daAuts
     D:5: 953 daAuts
     D:6: 925 daAuts
     D:4: 845 daAuts
    D:10: 827 daAuts
     D:1: 767 daAuts
     D:3: 752 daAuts
     D:9: 708 daAuts
   IceCv: 245 daAuts
  Temple: 158 daAuts
 Ossuary: 154 daAuts
    D:11: 132 daAuts
